 Dungeon Crawl Stone Soup version 0.29.0-4-gdea44cf6ec (webtiles) character file.

Game seed: 9676290712487653817

82 qw the Chopper (level 4, 0/26 HPs)
             Began as a Tengu Warper on Aug 28, 2022.
             Slain by an adder (3 damage)
             ... on level 3 of the Dungeon.
             The game lasted 00:00:14 (1936 turns).

qw the Chopper (Tengu Warper)                       Turns: 1936, Time: 00:00:14

Health: 0/26       AC:  3    Str: 13    XL:     4   Next: 43%
Magic:  8/8        EV: 12    Int: 14    God:
Gold:   116        SH:  0    Dex: 13    Spells: 7/7 levels left

rFire   . . .      SeeInvis .   Y - +0 hand axe (vamp)
rCold   . . .      Faith    .   (no shield)
rNeg    . . .      Spirit   .   b - +0 leather armour
rPois   .          Reflect  .   (helmet restricted)
rElec   .          Harm     .   (no cloak)
rCorr   .          Rampage  .   (no gloves)
Will    .....                   (boots unavailable)
Stlth   +.........              (no amulet)
HPRegen 0.08/turn               (no ring)
MPRegen 0.11/turn               (no ring)

@: no status effects
A: beak, talons 3
a: no special abilities


You were on level 3 of the Dungeon.
You visited 1 branch of the dungeon, and saw 3 of its levels.

You collected 116 gold pieces.


Innate Abilities, Weirdness & Mutations

You have a beak for a mouth.
You have claws for feet.


   Skills:
 - Level 2.0 Fighting
 + Level 5.0 Axes
 - Level 1.0 Throwing
 - Level 1.1 Armour
 - Level 2.1 Dodging
 - Level 2.0 Spellcasting
 - Level 2.4 Translocations


You had 7 spell levels left.
You didn't know any spells.
Your spell library contained the following spells:

 Spells                   Type           Power      Damage    Failure   Level
 Blink                    Tloc           16%        N/A       17%         2
 Gell's Gravitas          Tloc           8%         N/A       34%         3
 Lesser Beckoning         Tloc           8%         N/A       34%         3
 Teleport Other           Tloc           8%         N/A       34%         3
 Manifold Assault         Tloc           8%         N/A       97%         5

Inventory:

Hand Weapons
 e - a +0 whip
 Y - a +0 vampiric hand axe (weapon)
Armour
 b - a +0 leather armour (worn)
 c - a +0 ring mail
Scrolls
 d - a scroll of vulnerability {unknown}
Potions
 a - a potion of ambrosia {unknown}
 h - a potion of heal wounds {unknown}
 i - a potion of haste {unknown}
 j - a potion of attraction {unknown}

Dungeon Overview and Level Annotations

Branches:
Dungeon (3/15)

Altars:


Message History

An adder comes into view.
The adder hisses angrily.
The adder barely misses you.
You hit the adder.
The adder is heavily wounded.
The adder bites you but does no damage.
You hit the adder. You claw the adder.
You kill the adder!
Your Axes skill increases to level 5!
A jelly comes into view.
Enter note: The jelly quivers.
An adder comes into view.
The adder hisses angrily.
The adder moves out of view.
A ball python comes into view.
The ball python moves out of view.
An endoplasm comes into view.
You miss the adder. Your kick misses the adder.
You peck the adder, but do no damage. The adder bites you but does no damage.
The adder bites you.
You are poisoned.
The adder poisons you!
You hit the jelly but do no damage.
Your hands burn!
You claw the jelly, but do no damage. You hit the adder.
You feel better.
You feel sick. The jelly closely misses you.
The adder bites you but does no damage.
The endoplasm quivers.
You hit the adder.
You feel better.
Your kick misses the adder.
The adder is moderately wounded.
You hit the jelly.
Your hands burn!
You feel sick. The adder bites you but does no damage. The jelly hits you.
You are splashed with acid!
You closely miss the adder. Your kick misses the adder.
The adder is moderately wounded.
You hit the jelly.
You feel better.
Your hands burn!
You feel sick.
You are no longer poisoned.
The adder misses you. The jelly barely misses you. The adder bites you.
You die...

. .## .. # .. #.#
#... ..#### .
#.#.##....#.. $..
....J.. #.##...#
##.@S..# #. #..J...#
.#.# ......#...##
.... .......#....##
.....
..........#..##.....
# #
.......##.##.#......
.#. .......
#.##.S...... ...
.!..... #.##...###.#
#.. ... #.##...# #.#
#..


You could see a jelly, an adder, an endoplasm and a ball python (wandering).

Vanquished Creatures
  3 adders
  A dart slug (D:1)
  6 bats
  6 endoplasms
  2 giant cockroaches
  7 goblins
  4 hobgoblins (D:1)
  6 jackals (D:2)
  6 ball pythons
  2 frilled lizards
  3 kobolds
  5 rats
51 creatures vanquished.

Notes
Turn   | Place    | Note
-------+----------+-------------------------------------------
     0 | D:1      | qw the Tengu Warper began the quest for the Orb.
     0 | D:1      | Reached XP level 1. HP: 12/12 MP: 4/4
     0 | D:1      | 0 ||| qw: Version: 0.1-a-89-g26bdef1
     0 | D:1      | 0 ||| qw: Game counter: 1886
     0 | D:1      | 0 ||| qw: Always use a shield: true
     0 | D:1      | 0 ||| qw: God list: Okawaru
     0 | D:1      | 0 ||| qw: Allow faded altars: false
     0 | D:1      | 0 ||| qw: Do Orc after D:15 true
     0 | D:1      | 0 ||| qw: Do second Lair branch before Depths: true
     0 | D:1      | 0 ||| qw: Lair rune preference: random
     0 | D:1      | 0 ||| qw: Plans: Normal
     0 | D:1      | 0 ||| PLANNING D:1-11
    82 | D:1      | Reached XP level 2. HP: 13/17 MP: 6/6
    83 | D:1      | Reached skill level 3 in Axes
   256 | D:1      | 256 ||| Stepping ~*~*~tactically~*~*~ (stealth).
   309 | D:1      | 309 ||| Stepping ~*~*~tactically~*~*~ (stealth).
   313 | D:1      | 313 ||| Stepping ~*~*~tactically~*~*~ (stealth).
   461 | D:1      | 461 ||| Stepping ~*~*~tactically~*~*~ (hiding).
   467 | D:1      | Reached XP level 3. HP: 18/21 MP: 7/7
   700 | D:1      | 700 ||| DROPPING orb of light.
   701 | D:1      | 701 ||| READING scroll labelled ZASIKL CEHOONA.
   706 | D:1      | 706 ||| READING scroll labelled ZOEM BETIAT.
   707 | D:1      | 707 ||| READING scroll labelled EGALANK VIKLI.
   708 | D:1      | 708 ||| READING scroll labelled QIAPHU BIXTEI.
   709 | D:1      | 709 ||| READING scroll labelled TAOSEUWOVI.
   710 | D:1      | 710 ||| DROPPING scroll of blinking.
   727 | D:2      | 727 ||| Stepping ~*~*~tactically~*~*~ (stealth).
   833 | D:2      | Reached skill level 4 in Axes
   889 | D:2      | 889 ||| Stepping ~*~*~tactically~*~*~ (stealth).
   890 | D:2      | 890 ||| Stepping ~*~*~tactically~*~*~ (stealth).
   891 | D:2      | 891 ||| Stepping ~*~*~tactically~*~*~ (stealth).
   892 | D:2      | 892 ||| Stepping ~*~*~tactically~*~*~ (stealth).
   894 | D:2      | 894 ||| Stepping ~*~*~tactically~*~*~ (stealth).
  1088 | D:2      | 1088 ||| Stepping ~*~*~tactically~*~*~ (stealth).
  1201 | D:2      | 1201 ||| Stepping ~*~*~tactically~*~*~ (stealth).
  1207 | D:2      | Reached XP level 4. HP: 11/26 MP: 8/8
  1702 | D:2      | 1702 ||| Stepping randomly (stuck).
  1745 | D:3      | 1745 ||| STAIRDANCE
  1784 | D:3      | 1784 ||| READING scroll of brand weapon.
  1784 | D:3      | 1784 ||| BRANDING +0 hand axe of freezing.
  1825 | D:3      | 1825 ||| DROPPING +0 club.
  1911 | D:3      | Reached skill level 5 in Axes
  1936 | D:3      | HP: 4/26 [acid (5)]
  1936 | D:3      | Slain by an adder

Levels and vault maps discovered:
D:1:      eino_arrival_water_star, layout_rooms
D:2:      layout_rooms, grunt_ministairs_5, minmay_statues_item
D:3:      layout_rooms, nicolae_ecumenical_snake_handling, roderic_batcave

Skill      XL: |  1  2  3  4 |
---------------+-------------+-----
Axes           | 3 4 5 |  5.0
Fighting       | |  2.0
Throwing       | |  1.0
Armour         | |  1.1
Dodging        | |  2.1
Spellcasting   | |  2.0
Translocations | |  2.4

Action                   |  1- 3 |  4- 6 || total
-------------------------+-------+-------++-------
Melee: Hand axe          |    81 |    31 ||   112
       Kick              |    19 |     6 ||    25
       Peck              |    14 |     4 ||    18
Throw: Boomerang         |     7 |       ||     7
  Use: Scroll            |     5 |     1 ||     6
Armor: Leather armour    |    19 |    12 ||    31
Dodge: Dodged            |    48 |    25 ||    73

Table legend:
 A = Non-vault XP
 B = Vault XP
 C = Vault XP percentage of total XP
 D = Non-vault monster count
 E = Vault monster count
 F = Vault count percentage of total count
                 A         B        C        D         E       F
            +---------+---------+-------+---------+---------+-------
      Total |     115 |       3 |   2.5 |      49 |       2 |   3.9
            +---------+---------+-------+---------+---------+-------
        D:1 |      40 |       0 |   0.0 |      23 |       0 |   0.0
        D:2 |      55 |       3 |   5.2 |      21 |       2 |   8.7
        D:3 |      20 |       0 |   0.0 |       5 |       0 |   0.0
            +---------+---------+-------+---------+---------+-------
